 Dungeon Crawl Stone Soup version 0.31-a0-846-gb3bcc0d938 (webtiles) character file.

Game seed: 7446919958435312466

44 Kurtz the Chiller (level 3, 14/14 HPs)
             Began as a Felid Ice Elementalist on Oct 4, 2023.
             Was a Follower of Nemelex Xobeh.
             Quit the game on level 2 of the Dungeon.
             The game lasted 00:03:43 (1944 turns).

Kurtz the Chiller (Felid Ice Elementalist)          Turns: 1944, Time: 00:03:44

Health: 14/14      AC:  1    Str:  6    XL:     3   Next: 41%
Magic:  7/7        EV: 17    Int: 16    God:    Nemelex Xobeh [*.....]
Gold:   113        SH:  0    Dex: 16    Spells: 0/7 levels left
                                        Lives:  1   Deaths: 0

rFire   . . .        (weapon unavailable)
rCold   . . .        (shield unavailable)
rNeg    . . .        (body armour unavailable)
rPois   .            (helmet unavailable)
rElec   .            (cloak unavailable)
rCorr   .            (gloves unavailable)
SInv    +            (boots unavailable)
Will    .....        (no amulet)
Stlth   ++           (no ring)
HPRegen 0.22/turn    (no ring)
MPRegen 0.10/turn

%: no passive effects
@: quick
A: very small, claws 1, fangs 3, see invisible, speed 1, shaggy fur 1, stealthy
paws, no weapons or thrown items, no armour, multi-lived
a: Renounce Religion, Draw Escape, Draw Destruction, Draw Summoning


You were on level 2 of the Dungeon.
You worshipped Nemelex Xobeh.
Nemelex Xobeh was aware of your devotion.
You visited 1 branch of the dungeon, and saw 2 of its levels.

You collected 113 gold pieces.

Inventory:

Scrolls
 a - a scroll of revelation {unknown}
 e - a scroll of immolation {unknown}
 f - a scroll of fear {unknown}
Potions
 b - a potion of mutation {unknown}
 c - a potion of enlightenment {unknown}
 d - a potion of heal wounds {unknown}
 g - a potion of degeneration {unknown}


   Skills:
 * Level 3.0 Dodging
 - Level 2.6 Stealth
 + Level 0.1 Unarmed Combat
 * Level 2.6 Spellcasting
 * Level 4.3 Ice Magic


You couldn't memorise any spells.
You knew the following spells:

 Your Spells              Type           Power      Damage    Failure   Level
a - Freeze                Ice            60%        1d7       3%          1
b - Frozen Ramparts       Ice            30%        1d5       10%         3
c - Ozocubu's Armour      Ice            15%        N/A       10%         3

Your spell library contained the following spells:

 Spells                   Type           Power      Damage    Failure   Level
 Summon Ice Beast         Ice/Summ       8%         N/A       63%         4
 Airstrike                Air            1%         2d(1-17)  89%         4
 Haunt                    Necr/Summ      1%         N/A       100%        7
 Chain Lightning          Conj/Air       1%         3d1       100%        9


Dungeon Overview and Level Annotations

Branches:
Dungeon (2/15)

Altars:
Nemelex Xobeh


Innate Abilities, Weirdness & Mutations

You have sharp claws.
You have razor-sharp teeth.
You have supernaturally acute eyesight. (SInv)
You cover ground quickly. (Speed+)
You are covered in fur. (AC +1)
Your paws help you pounce on unaware monsters.
You are incapable of wielding weapons or throwing items.
You cannot wear armour.
You gain extra lives every three experience levels.


Message History

e - a scroll labelled LOWOIP AZAUTS
Found a faded altar of an unknown god.
f - a scroll labelled FUKKUN VIBB
g - a fuming clear potion You enter the shallow water.
Moving in this stuff is going to be slow.
Why would you want to do that? Why would you want to do that?
Found 12 gold pieces.
There is a faded altar of an unknown god here.
This altar belongs to (a) Nemelex Xobeh, (b) Vehumet or (c) Ru, but you can't tell which.
Press the corresponding letter to learn more about a god, or press enter to convert or escape to cancel.
Okay, then.
Unknown command.
Press < or > to pray at altars.
There is a faded altar of an unknown god here.
You enter the shallow water.
Moving in this stuff is going to be slow.
You enter the shallow water.
Moving in this stuff is going to be slow.
You now have 113 gold pieces (gained 12).
A bat comes into view.
You see here a scroll labelled CANUACYBRO.
You enter the shallow water.
Moving in this stuff is going to be slow.
Why would you want to do that? Why would you want to do that?
Press: ? - help, v - describe, . - travel A faded altar of an unknown god.
You enter the shallow water.
Moving in this stuff is going to be slow.
Found a scroll labelled CEVVIQISERR.
You enter the shallow water.
Moving in this stuff is going to be slow.
There is a faded altar of an unknown god here.
This altar belongs to (a) Nemelex Xobeh, (b) Vehumet or (c) Ru, but you can't tell which.
Press the corresponding letter to learn more about a god, or press enter to convert or escape to cancel.
Nemelex Xobeh accepts your prayer! Nemelex Xobeh welcomes you!
You can now draw from decks of power.
Nemelex will now gift you decks of power as you gain piety.
Are you sure you want to abandon this character and quit the game? (Confirm with "yes".)

###.#.###############
###...#.##............## #
#~~~~........~..........
###.##.~.....~~..≈...........
.......~≈~~~≈≈~~≈~~...........
.##....##~~≈≈≈≈≈~≈≈~............
...#.. #.≈≈≈≈≈~~~~≈........^...
# #.#.###..~≈≈~♣~≈≈~.~.###......
#.##....##~.~≈≈.@~~~~.~.#
#######
#...........~≈~~♣.≈~~...#
......#.#..~≈≈~≈≈~≈≈~...#
#.?......~≈≈≈≈~≈≈~~.##
##....#..≈≈≈≈≈~≈≈≈~~#
#........~.~.~~~.~~..~#
##.....#....~.~.~~....#
...###.#.############## ....
###.#


There were no monsters in sight!

Vanquished Creatures
  An adder (D:2)
  A dart slug (D:1)
  6 ball pythons
  3 endoplasms (D:1)
  2 goblins (D:1)
  3 hobgoblins
  7 jackals (D:1)
  2 bats (D:1)
  A frilled lizard (D:1)
  4 kobolds (D:1)
  2 rats (D:1)
32 creatures vanquished.

Notes
Turn   | Place    | Note
-------+----------+-------------------------------------------
     0 | D:1      | Kurtz the Felid Ice Elementalist began the quest for the
                  | Orb.
     0 | D:1      | Reached XP level 1. HP: 7/7 MP: 4/4
   274 | D:1      | Reached skill level 4 in Ice Magic
   274 | D:1      | Reached XP level 2. HP: 11/11 MP: 3/6
   704 | D:1      | Got a graven book
  1448 | D:1      | Reached XP level 3. HP: 14/14 MP: 5/7
  1762 | D:2      | Learned a level 3 spell: Frozen Ramparts
  1766 | D:2      | Learned a level 3 spell: Ozocubu's Armour
  1885 | D:2      | Found a faded altar of an unknown god.
  1943 | D:2      | Prayed at the altar of an unknown god.
  1943 | D:2      | Became a worshipper of Nemelex Xobeh the Trickster
  1943 | D:2      | Reached * piety under Nemelex Xobeh
  1944 | D:2      | Quit the game

Illustrated notes

Levels and vault maps discovered:
D:1:      psy_arrival_terrarium, layout_basic
D:2:      layout_basic, chequers_ecumenical_altar_island, uniq_jessica

Skill      XL: |  1  2  3 |
---------------+----------+-----
Ice Magic      | 4 |  4.3
Dodging        | 3 |  3.0
Stealth        | |  2.6
Unarmed Combat | |  0.1
Spellcasting   | |  2.6

Action                     || total
---------------------------++-------
  Melee: Unarmed           ||    21
         Bite              ||     2
         Punch             ||     1
   Cast: Freeze            ||    44
    Use: Potion            ||     1
   Stab: Sleeping          ||     1
 Armour: Skin              ||    17
  Dodge: Dodged            ||    42

Table legend: (Time is in decaauts)
 A = Elapsed time spent in this place.
 B = Non-inter-level travel time spent in this place.
 C = Inter-level travel time spent in this place.
 D = Time resting spent in this place.
 E = Time spent auto-exploring this place.
 F = Levels seen in this place.
 G = Mean time per level.
                   A        B        C        D        E       F      G
               +--------+--------+--------+--------+--------+-----+--------+
         Total |   1789 |   1734 |     55 |    901 |    599 |   2 |  894.5 |
       Dungeon |   1789 |   1734 |     55 |    901 |    599 |   2 |  894.5 |
               +--------+--------+--------+--------+--------+-----+--------+

Top non-repeatable levels by time:
     D:1: 1582 daAuts
     D:2: 207 daAuts
